 Dungeon Crawl Stone Soup version 0.18-a0-307-ga69027b (webtiles) character file.

102 Sixotanaka the Stinger (level 4, -2/27 HPs)
             Began as an Octopode Venom Mage on Nov 25, 2015.
             Slain by an ice beast (5 damage)
             ... on level 3 of the Dungeon on Nov 27, 2015.
             The game lasted 00:14:53 (3800 turns).

Sixotanaka the Stinger (Octopode Venom Mage)        Turns: 3800, Time: 00:14:54

Health: -2/27      AC:  0    Str:  7    XL:     4   Next: 78%
Magic:  7/7        EV: 12    Int: 18    God:
Gold:   130        SH:  0    Dex: 12    Spells: 2 memorised, 3 levels left

rFire  . . .     SeeInvis .     q - +0 hunting sling
rCold  . . .     Clarity  .     (no shield)
rNeg   . . .     SustAt   .     (helmet restricted)
rPois  .         Gourm    .     (no amulet)
rElec  .         Spirit   .     (no ring)
rCorr  .         Warding  .     (no ring)
rMut   .         Stasis   .     (no ring)
MR     .....                    (no ring)
Stlth  ++........               (no ring)
                                (no ring)
                                (no ring)
                                (no ring)

@: not resistant to hostile enchantments, unstealthy
A: almost no armour, amphibious, 8 rings, constrict 8, sturdy frame 1, spawn
jellies when eating
a: no special abilities


You were on level 3 of the Dungeon.
You were not hungry.

You visited 1 branch of the dungeon, and saw 3 of its levels.

You collected 130 gold pieces.


Innate Abilities, Weirdness & Mutations

You cannot wear most types of armour.
You are amphibious.
You can wear up to eight rings at the same time.
You can use your tentacles to constrict eight enemies at once.
Your movements are slightly less encumbered by armour (ER -2).
You occasionally spawn a jelly by eating.


   Skills:
 - Level 2.0 Dodging
 - Level 2.6 Stealth
 - Level 2.0 Spellcasting
 + Level 2.4 Conjurations
 - Level 6.4 Poison Magic


You had 3 spell levels left.
You knew the following spells:

 Your Spells              Type           Power        Failure   Level  Hunger
c - Mephitic Cloud        Conj/Pois/Air  ##......     21%         3    ###....
z - Sting                 Conj/Pois      ###.         4%          1    #......


Dungeon Overview and Level Annotations

Branches:
Dungeon (3/15)

Altars:
Fedhas
Nemelex Xobeh
Okawaru

Inventory:

Hand Weapons
 e - a +0 club
 q - a +0 hunting sling (weapon)
Missiles
 m - 2 needles of sleeping
 r - 13 sling bullets of flame (quivered)
Armour
 p - a +0 buckler
Scrolls
 c - a scroll of remove curse {unknown}
 d - a scroll of blinking {unknown}
 f - 2 scrolls of identify {unknown}
 g - a scroll of enchant weapon {unknown}
 h - a scroll of teleportation {unknown}
 l - a scroll of amnesia {unknown}
 n - a scroll of immolation {unknown}
Potions
 j - 2 potions of haste {unknown}
 k - 3 potions of curing {unknown}
 o - a potion of invisibility {unknown}
 s - a potion of brilliance {unknown}
 t - a potion of lignification {unknown}
Books
 a - a Young Poisoner's Handbook
Comestibles
 b - a bread ration

#....# #.#
#....## #.#
#.....# #.#
###.#.#####.# #
#.#.##....#
#####
#...##.####
#..... ##).#..#
#..... #....##
#....
###@#..####
#....
#...Y.....#
#....
##...#####.###
#....
##.....####...#
#....
#....>...####.#
####.
#......#.#
#.######o.
#......#.##
#.##.....#
#...<..#..#
#.o......#
##.....##.#
###......#


You could see an ice beast.


Message History

Aim: a jackal The sting hits the jackal.
The jackal barely misses you.
Casting: Sting
Aiming: Sting
Aim: a jackal (heavily wounded)
The sting hits the jackal.
The jackal is poisoned.
The jackal barely misses you. The jackal bites you.
Casting: Sting
Aiming: Sting
Aim: a jackal (severely wounded, poisoned)
The sting hits the jackal.
The jackal appears unharmed.
The jackal bites you.
Casting: Sting
Aiming: Sting
Aim: a jackal (severely wounded, poisoned)
The sting hits the jackal.
You kill the jackal!
You see here a jackal corpse.
You butcher the jackal corpse.
i - 6 chunks of flesh (gained 2)
You start resting.
Your magical contamination has completely faded away.
You start resting.
You start resting.
Some of the chunks of flesh in your inventory have rotted away.
There is a stone staircase leading down here.
Some of the chunks of flesh in your inventory have rotted away.
There is a stone staircase leading down, spattered with blood here.
Things that are here:
a scale mail; a whip
There is an escape hatch in the floor here.
There is a stone staircase leading down here.
You climb downwards.
There is a stone staircase leading up here.
Aim: an ice beast (hasn't noticed you)
You shoot a sling bullet of flame.
The sling bullet of flame hits the ice beast.
The sling bullet of flame melts the ice beast.
Okay, then.
There is a stone staircase leading up here.
Some of the chunks of flesh in your inventory have rotted away.
Aim: an ice beast (moderately wounded)
You shoot a sling bullet of flame.
The sling bullet of flame hits the ice beast but does no damage.
The sling bullet of flame melts the ice beast.
Aim: an ice beast (moderately wounded)
You shoot a sling bullet of flame.
The sling bullet of flame hits the ice beast but does no damage.
The sling bullet of flame melts the ice beast.
The ice beast closely misses you. The ice beast closely misses you.
Aim: an ice beast (moderately wounded)
You shoot a sling bullet of flame.
The sling bullet of flame closely misses the ice beast.
The ice beast barely misses you.
Aim: an ice beast (moderately wounded)
You shoot a sling bullet of flame.
The sling bullet of flame barely misses the ice beast.
The ice beast hits you. The ice beast freezes you!
* * * LOW HITPOINT WARNING * * *
There is a blossoming altar of Fedhas here.
You see here a short sword.
There is an escape hatch in the floor here.
All of the chunks of flesh in your inventory have rotted away.
The ice beast barely misses you. The ice beast hits you.
The ice beast freezes you!
* * * LOW HITPOINT WARNING * * *
The ice beast hits you.
* * * LOW HITPOINT WARNING * * *
The ice beast freezes you.
You die...

Action                   |  1- 3 |  4- 6 || total
-------------------------+-------+-------++-------
Melee: Unarmed           |     4 |       ||     4
       Club              |     5 |       ||     5
 Fire: Hunting sling     |       |    10 ||    10
 Cast: Sting             |   107 |    29 ||   136
  Eat: Chunk             |     7 |     1 ||     8
       Bread ration      |       |     1 ||     1

Vault maps used:
D:1:      dpeg_arrival_castle
D:2:      nemelex_deck
D:3:      fedhas_altar_3, nicolae_overflow_hidden_temple, first_bread,
          minmay_stone_trees_small

Notes
Turn   | Place    | Note
--------------------------------------------------------------
     0 | D:1      | Sixotanaka the Octopode Venom Mage began the quest for the Orb.
     0 | D:1      | Reached XP level 1. HP: 11/11 MP: 3/3
    43 | D:1      | Reached skill level 5 in Poison Magic
   107 | D:1      | Reached skill level 1 in Conjurations
   107 | D:1      | Reached XP level 2. HP: 4/17 MP: 0/5
   379 | D:1      | Upgraded the game from 0.18-a0-244-g818e5b6 to 0.18-a0-307-ga69027b
   728 | D:1      | HP: 3/17 [jackal (3)]
  1130 | D:1      | Reached XP level 3. HP: 21/21 MP: 0/6
  1852 | D:2      | Learned a level 3 spell: Mephitic Cloud
  2041 | D:2      | Found a sparkling altar of Nemelex Xobeh.
  2587 | D:3      | Reached skill level 6 in Poison Magic
  2738 | D:3      | Reached XP level 4. HP: 23/27 MP: 4/7
  2847 | D:2      | Noticed an ice beast
  2952 | D:3      | Found a blossoming altar of Fedhas.
  2952 | D:3      | Found an iron altar of Okawaru.
  2961 | D:2      | Reached skill level 2 in Conjurations
  3089 | D:3      | Noticed an ice beast
  3800 | D:3      | HP: 3/27 [ice beast (4)]
  3800 | D:3      | Slain by an ice beast

Vanquished Creatures
  A hound (D:2)
  An adder (D:3)
  2 worms (D:2)
  An orc (D:2)
  A giant cockroach (D:2)
  7 hobgoblins
  14 jackals
  6 kobolds
  A quokka (D:2)
  2 ball pythons
  5 bats
  A giant gecko (D:3)
  3 giant newts
  6 goblins
  5 rats
56 creatures vanquished.

Vanquished Creatures (others)
  A fungus (D:3)
1 creature vanquished.

Grand Total: 57 creatures vanquished
